[Event "ICC tourney 2532 (25 5)"]
[Site "Internet Chess Club"]
[Date "2021.04.24"]
[Round "4"]
[White "LU, SAMUEL:K12-16373562"]
[Black "ADEWUMI, TANITOLUWA:K12-16649696"]
[Result "0-1"]
[ICCResult "White resigns"]
[WhiteElo "1615"]
[BlackElo "2108"]
[Opening "Queen's pawn: London system"]
[ECO "A45"]
[NIC "QP.07"]
[Time "17:06:24"]
[PlyCount "34"]
[TimeControl "1500+5"]

1. d4 Nf6 2. Bf4 g6 3. Nc3 d5 4. e3 Bg7 5. h4 h6 6. Be2 c6 7. Nf3 Bf5 8.
Ne5 Nbd7 9. g4 Be6 10. f3 Qb6 11. Qc1 a6 12. Bd3 c5 13. dxc5 Nxc5 14. Be2
Rc8 15. Kf2 h5 16. gxh5 Nxh5 17. Bg5 Bxe5 { White resigns } 0-1

[Event "ICC tourney 2532 (25 5)"]
[Site "Internet Chess Club"]
[Date "2021.04.24"]
[Round "4"]
[White "CYRIL DAVIS, GEOFFREY:K12-14879788"]
[Black "NOAM KUTIKOV, JONAH:K12-15612157"]
[Result "1-0"]
[ICCResult "Black resigns"]
[WhiteElo "2082"]
[BlackElo "1564"]
[Opening "Sicilian: Canal-Sokolsky attack, 3...Bd7"]
[ECO "B52"]
[NIC "SI.01"]
[Time "17:06:46"]
[PlyCount "57"]
[TimeControl "1500+5"]

1. e4 c5 2. Nf3 d6 3. Bb5+ Bd7 4. Bxd7+ Qxd7 5. O-O Nc6 6. Re1 g6 7. c3 Bg7
8. d4 cxd4 9. cxd4 Nf6 10. Nc3 O-O 11. Bf4 Rac8 12. Rc1 Rfd8 13. Qa4 a6 14.
h3 Nh5 15. Be3 f5 16. Qb3+ Kh8 17. Ng5 Rf8 18. exf5 gxf5 19. Nf7+ Rxf7 20.
Qxf7 Rf8 21. Qxh5 f4 22. Bd2 Rf5 23. Qg4 h5 24. Qg6 Nxd4 25. Ne2 Nxe2+ 26.
Rxe2 f3 27. Rxe7 Qxe7 28. Qxf5 fxg2 29. Rc8+ { Black resigns } 1-0

[Event "ICC tourney 2532 (25 5)"]
[Site "Internet Chess Club"]
[Date "2021.04.24"]
[Round "4"]
[White "HELLER, HARRY:K12-15613721"]
[Black "VINAY HIREMATH, ROMIR:K12-16455165"]
[Result "0-1"]
[ICCResult "White resigns"]
[WhiteElo "1820"]
[BlackElo "1191"]
[Opening "Petrov's defense"]
[ECO "C42"]
[NIC "RG.03"]
[Time "17:06:33"]
[PlyCount "48"]
[TimeControl "1500+5"]

1. e4 e5 2. Nf3 Nf6 3. Nxe5 Nc6 4. Nxc6 dxc6 5. d3 Bc5 6. Be2 h5 7. c3 Ng4
8. d4 Qh4 9. g3 Qf6 10. O-O Be6 11. e5 Qg6 12. Bd3 f5 13. dxc5 O-O-O 14.
Bf4 Bc4 15. Qa4 Bxd3 16. Rd1 h4 17. Qxa7 hxg3 18. Qa8+ Kd7 19. Rxd3+ Ke7
20. Rxd8 Rxd8 21. Qa4 gxh2+ 22. Bxh2 Nxh2+ 23. Kh1 Nf3 24. Nd2 Rh8+ { White
resigns } 0-1

[Event "ICC tourney 2532 (25 5)"]
[Site "Internet Chess Club"]
[Date "2021.04.24"]
[Round "4"]
[White "IYER, MANTRA:K12-15233290"]
[Black "GUNDAM, ROHIT:K12-14908373"]
[Result "1/2-1/2"]
[ICCResult "Game drawn by mutual agreement"]
[WhiteElo "1866"]
[BlackElo "2190"]
[Opening "French: Tarrasch, open variation"]
[ECO "C07"]
[NIC "FR.18"]
[Time "17:06:23"]
[PlyCount "53"]
[TimeControl "1500+5"]

1. e4 e6 2. d4 d5 3. Nd2 c5 4. Ngf3 Nc6 5. Bb5 cxd4 6. Nxd4 Bd7 7. Nxc6
Bxc6 8. Bxc6+ bxc6 9. c4 Nf6 10. exd5 cxd5 11. O-O Be7 12. b3 O-O 13. Bb2
a5 14. cxd5 Qxd5 15. Nf3 a4 16. Re1 axb3 17. axb3 h6 18. Bxf6 Qxd1 19.
Rexd1 Bxf6 20. Rxa8 Rxa8 21. Rb1 Kf8 22. b4 Ke7 23. b5 Kd6 24. g4 Ra1 25.
Rxa1 Bxa1 26. Nd2 Bd4 27. Kg2 { Game drawn by mutual agreement } 1/2-1/2

[Event "ICC tourney 2532 (25 5)"]
[Site "Internet Chess Club"]
[Date "2021.04.24"]
[Round "4"]
[White "MUTHUKUMAR, AADITH:K12-15488268"]
[Black "MILLER COY, MATTHEW:K12-14688435"]
[Result "0-1"]
[ICCResult "White checkmated"]
[WhiteElo "1529"]
[BlackElo "1954"]
[Opening "Sicilian: Grand Prix attack, Schofman variation"]
[ECO "B23"]
[NIC "SI.44"]
[Time "17:05:54"]
[PlyCount "56"]
[TimeControl "1500+5"]

1. e4 c5 2. Nc3 Nc6 3. f4 g6 4. Nf3 Bg7 5. Bc4 e6 6. f5 Nge7 7. fxe6 fxe6
8. O-O O-O 9. d3 d5 10. Bb5 a6 11. Bxc6 Nxc6 12. a4 Nd4 13. Bd2 b6 14. Kh1
Ra7 15. Nxd4 cxd4 16. Rxf8+ Qxf8 17. Ne2 dxe4 18. dxe4 Rf7 19. c3 e5 20.
cxd4 exd4 21. Qb3 Qd6 22. Nf4 Be5 23. Rf1 Bxf4 24. Bxf4 Be6 25. Qg3 Qb4 26.
Rc1 Qxb2 27. Bh6 Qxc1+ 28. Bxc1 Rf1# { White checkmated } 0-1

[Event "ICC tourney 2532 (25 5)"]
[Site "Internet Chess Club"]
[Date "2021.04.24"]
[Round "4"]
[White "RAJA, ABHINAV:K12-16290326"]
[Black "FLORES, NANCY:K12-15939190"]
[Result "1-0"]
[ICCResult "Black checkmated"]
[WhiteElo "1253"]
[BlackElo "407"]
[Opening "Queen's pawn game"]
[ECO "E00"]
[NIC "QP.07"]
[Time "17:06:43"]
[PlyCount "109"]
[TimeControl "1500+5"]

1. d4 Nf6 2. c4 e6 3. a3 c6 4. Nc3 d5 5. Bg5 Be7 6. e3 O-O 7. Bd3 c5 8.
dxc5 Bxc5 9. cxd5 exd5 10. Nxd5 Be7 11. Bxf6 Bxf6 12. Rc1 Nc6 13. Nxf6+
Qxf6 14. Qc2 g6 15. Nf3 Be6 16. O-O Rac8 17. Qc3 Qxc3 18. Rxc3 Bd5 19. Nd4
Nxd4 20. exd4 Rce8 21. Bc4 Bc6 22. d5 Bd7 23. Ba2 Re2 24. Rb1 Rfe8 25. f3
Bf5 26. Rbc1 Rxb2 27. Bc4 Ree2 28. Bxe2 Rxe2 29. Kf1 Ra2 30. g4 Bd7 31.
R1c2 Bb5+ 32. Kf2 Ra1 33. Rd2 Rf1+ 34. Ke3 Re1+ 35. Kf4 f6 36. d6 g5+ 37.
Kf5 Bd7+ 38. Kxf6 h6 39. Rc7 Re6+ 40. Kf5 Rxd6+ 41. Rxd7 Rxd2 42. Rxd2 Kf8
43. Ke6 Kg7 44. Rd7+ Kg6 45. Rxb7 h5 46. gxh5+ Kh6 47. Rxa7 g4 48. fxg4 Kg5
49. a4 Kxg4 50. h6 Kg5 51. h7 Kg6 52. h8=Q Kg5 53. Qf6+ Kg4 54. Rg7+ Kh5
55. Qg5# { Black checkmated } 1-0

[Event "ICC tourney 2532 (25 5)"]
[Site "Internet Chess Club"]
[Date "2021.04.24"]
[Round "4"]
[White "KIM, GUNN:K12-16270570"]
[Black "WANG, JUSTIN:K12-14930904"]
[Result "0-1"]
[ICCResult "White resigns"]
[WhiteElo "1640"]
[BlackElo "2540"]
[Opening "Sicilian: chameleon variation"]
[ECO "B23"]
[NIC "SI.44"]
[Time "17:05:56"]
[PlyCount "102"]
[TimeControl "1500+5"]

1. e4 c5 2. Nc3 Nc6 3. Nge2 Nf6 4. g3 d6 5. Bg2 g6 6. d4 cxd4 7. Nxd4 Nxd4
8. Qxd4 Bg7 9. O-O O-O 10. f4 Be6 11. e5 dxe5 12. Qxd8 Raxd8 13. fxe5 Nd5
14. Nxd5 Bxd5 15. Re1 h6 16. h4 Bxg2 17. Kxg2 Rd5 18. c3 Rxe5 19. Rxe5 Bxe5
20. Bxh6 Rd8 21. Re1 f6 22. Re2 Bd6 23. Be3 b6 24. Rd2 Kf7 25. Kf3 Rd7 26.
b3 e5 27. g4 Ke6 28. c4 f5 29. gxf5+ gxf5 30. Bg5 e4+ 31. Ke3 Bc5+ 32. Ke2
Rf7 33. Bf4 Rh7 34. Bg5 Be7 35. Bxe7 Kxe7 36. Ke3 Rxh4 37. Rd5 Ke6 38. Kd4
Rh3 39. Re5+ Kf6 40. Rxe4 fxe4 41. Kxe4 Ke6 42. Kd4 Kd6 43. b4 Rh4+ 44. Kc3
Kc6 45. a4 a5 46. bxa5 bxa5 47. Kb3 Kc5 48. Kc3 Rxc4+ 49. Kd3 Rb4 50. Ke3
Rxa4 51. Kf3 Rb4 { White resigns } 0-1

[Event "ICC tourney 2532 (25 5)"]
[Site "Internet Chess Club"]
[Date "2021.04.24"]
[Round "4"]
[White "E KENNEDY, BENJAMIN:K12-14963224"]
[Black "MCCANN, ANDREW:K12-15045914"]
[Result "1-0"]
[ICCResult "Black checkmated"]
[WhiteElo "1368"]
[BlackElo "392"]
[Opening "QGD Slav defense: exchange variation"]
[ECO "D10"]
[NIC "SL.01"]
[Time "17:07:25"]
[PlyCount "85"]
[TimeControl "1500+5"]

1. d4 d5 2. c4 c6 3. cxd5 cxd5 4. Nc3 Nf6 5. Bg5 e6 6. e3 h6 7. Bh4 Be7 8.
Be2 Nc6 9. Nf3 Qb6 10. Qc2 O-O 11. O-O Qc7 12. Bg3 Bd6 13. Nb5 Qd8 14. Nxd6
Ng4 15. h3 e5 16. Nxc8 Nf6 17. Nxe5 Rxc8 18. Nxc6 Rxc6 19. Qb3 Rb6 20. Qa3
Ra6 21. Bxa6 bxa6 22. Qxa6 Re8 23. Qxa7 Ne4 24. Bh2 Qf6 25. Rac1 Qg6 26.
Rc7 Ng5 27. Bf4 Nxh3+ 28. Kh2 Nxf4 29. exf4 Re4 30. Qa8+ Kh7 31. Qxd5 Rxf4
32. Rc6 f6 33. Rc8 h5 34. Qg8+ Kh6 35. Qh8+ Kg5 36. Rc5+ Kg4 37. f3+ Kh4
38. Rh1 Rxf3 39. Kg1+ Kg3 40. Rh3+ Kg4 41. Rxf3 Qb1+ 42. Kh2 Qe1 43. Qxh5#
{ Black checkmated } 1-0

[Event "ICC tourney 2532 (25 5)"]
[Site "Internet Chess Club"]
[Date "2021.04.24"]
[Round "4"]
[White "XU, KEVIN:K12-15437078"]
[Black "TSAY, VINCENT:K12-15297685"]
[Result "0-1"]
[ICCResult "White resigns"]
[WhiteElo "2091"]
[BlackElo "2392"]
[Opening "QGD semi-Slav: Meran variation"]
[ECO "D47"]
[NIC "SL.09"]
[Time "17:06:12"]
[PlyCount "44"]
[TimeControl "1500+5"]

1. d4 d5 2. c4 e6 3. Nc3 c6 4. e3 Nf6 5. Nf3 Nbd7 6. Bd3 dxc4 7. Bxc4 b5 8.
Be2 Bd6 9. O-O O-O 10. b3 a6 11. Bb2 Bb7 12. a4 b4 13. Nb1 c5 14. Nbd2 Rc8
15. Nc4 Bc7 16. Rc1 Qe7 17. Rc2 Rfd8 18. Qa1 Ng4 19. g3 Qf6 20. dxc5 Qh6
21. h4 Nxc5 22. Nd4 Qxh4 { White resigns } 0-1

[Event "ICC tourney 2532 (25 5)"]
[Site "Internet Chess Club"]
[Date "2021.04.24"]
[Round "4"]
[White "ROY, RAYAT:K12-14819746"]
[Black "KATE LEE, YESUN:K12-15365623"]
[Result "0-1"]
[ICCResult "White resigns"]
[WhiteElo "1488"]
[BlackElo "1891"]
[Opening "Sicilian: Pelikan (Lasker/Sveshnikov) variation"]
[ECO "B33"]
[NIC "SI.35"]
[Time "17:06:31"]
[PlyCount "64"]
[TimeControl "1500+5"]

1. e4 c5 2. Nf3 Nc6 3. d4 cxd4 4. Nxd4 Nf6 5. Nc3 e5 6. Ndb5 d6 7. f3 a6 8.
Na3 b5 9. Nd5 Be7 10. Be3 Rb8 11. Qd2 Be6 12. O-O-O Bxd5 13. exd5 Na5 14.
Kb1 O-O 15. g4 Qc7 16. b3 Rfc8 17. h4 Nb7 18. Kb2 Nxd5 19. Qxd5 Qc3+ 20.
Kb1 Qxe3 21. Bd3 Qc5 22. Qe4 g6 23. h5 Qc6 24. hxg6 fxg6 25. Rxh7 Qxe4 26.
Bxe4 Kxh7 27. Kb2 Nc5 28. Rh1+ Kg7 29. Bd5 Bf6 30. c3 Nd3+ 31. Kc2 Nb4+ 32.
Kd2 Nxd5 { White resigns } 0-1

[Event "ICC tourney 2532 (25 5)"]
[Site "Internet Chess Club"]
[Date "2021.04.24"]
[Round "4"]
[White "B LANCMAN, KYLE:K12-15146021"]
[Black "PONNA, NIMAI:K12-15563890"]
[Result "1-0"]
[ICCResult "Black checkmated"]
[WhiteElo "2049"]
[BlackElo "1535"]
[Opening "Giuoco Piano"]
[ECO "C54"]
[NIC "IG.02"]
[Time "17:07:06"]
[PlyCount "101"]
[TimeControl "1500+5"]

1. e4 e5 2. Nf3 Nc6 3. Bc4 Bc5 4. c3 Nf6 5. d4 exd4 6. cxd4 Bb4+ 7. Bd2
Bxd2+ 8. Nbxd2 d5 9. exd5 Nxd5 10. O-O O-O 11. Rc1 Bg4 12. h3 Bh5 13. Bxd5
Qxd5 14. Qa4 Bxf3 15. Nxf3 Rad8 16. Rc5 Qe4 17. Re1 Qf4 18. Qc2 Rd7 19. d5
Nd4 20. Nxd4 Qxd4 21. Re4 Qf6 22. Rxc7 Rxc7 23. Qxc7 Qxb2 24. Qe7 g6 25. d6
f5 26. Re1 Qxa2 27. d7 Qd2 28. g3 a5 29. Qxf8+ Kxf8 30. Re8+ Kf7 31. d8=Q
Qc1+ 32. Kh2 Qc5 33. Qd7+ Kf6 34. Qe6+ Kg5 35. Qe3+ Qxe3 36. fxe3 b5 37.
Ra8 a4 38. Rb8 a3 39. Rxb5 a2 40. Ra5 h6 41. Rxa2 Kh5 42. g4+ fxg4 43.
hxg4+ Kxg4 44. Rf2 Kh5 45. e4 g5 46. e5 Kh4 47. e6 Kg4 48. e7 Kh4 49. e8=Q
h5 50. Qe4+ g4 51. Qe7# { Black checkmated } 1-0

[Event "ICC tourney 2532 (25 5)"]
[Site "Internet Chess Club"]
[Date "2021.04.24"]
[Round "4"]
[White "CRNKOVICH, LEIF:K12-30020685"]
[Black "KARDAVA, DANIIL:K12-15961344"]
[Result "0-1"]
[ICCResult "White checkmated"]
[WhiteElo "634"]
[BlackElo "1226"]
[Opening "French: advance, Nimzovich system"]
[ECO "C02"]
[NIC "FR.03"]
[Time "17:06:59"]
[PlyCount "82"]
[TimeControl "1500+5"]

1. e4 e6 2. d4 d5 3. e5 c5 4. Nf3 Nc6 5. Bb5 Qb6 6. Bxc6+ bxc6 7. O-O Ba6
8. Re1 Ne7 9. Be3 Qxb2 10. Nbd2 Nf5 11. dxc5 Nxe3 12. Rxe3 Qb7 13. Qb1
Qxb1+ 14. Rxb1 Be7 15. Nb3 O-O 16. Nfd4 Rfc8 17. f4 Rab8 18. c3 Bxc5 19. g4
Bxd4 20. cxd4 Bc4 21. f5 a5 22. a4 Rb4 23. fxe6 Rcb8 24. exf7+ Kf8 25. e6
Ke7 26. Rf1 Bxf1 27. f8=Q+ Rxf8 28. Nc5 Rb1 29. h3 Rb2 30. Rg3 Bc4 31. Rg2
Rxg2+ 32. Kxg2 Rf4 33. Nd7 Kxe6 34. Nf8+ Rxf8 35. g5 Rf4 36. g6 h6 37. h4
Kf5 38. h5 Kg4 39. Kh2 Rf2+ 40. Kg1 Kg3 41. Kh1 Rf1# { White checkmated }
0-1

[Event "ICC tourney 2532 (25 5)"]
[Site "Internet Chess Club"]
[Date "2021.04.24"]
[Round "4"]
[White "DHAR, SUMIT:K12-15188271"]
[Black "THOMAS JOHNSON, MATTHEW:K12-16703970"]
[Result "1-0"]
[ICCResult "Black checkmated"]
[WhiteElo "2167"]
[BlackElo "1429"]
[Opening "QGD: Marshall defense"]
[ECO "D06"]
[NIC "QP.08"]
[Time "17:06:03"]
[PlyCount "37"]
[TimeControl "1500+5"]

1. d4 d5 2. c4 Nf6 3. cxd5 Nxd5 4. e4 Nf6 5. Nc3 e6 6. Nf3 Be7 7. Bd3 c5 8.
dxc5 Bxc5 9. O-O Nc6 10. e5 Nd5 11. Qe2 Ncb4 12. Bg5 Be7 13. Bb5+ Bd7 14.
Ne4 f6 15. exf6 Nxf6 16. Ne5 Bc6 17. Nxf6+ gxf6 18. Qh5+ Kf8 19. Qf7# {
Black checkmated } 1-0

[Event "ICC tourney 2532 (25 5)"]
[Site "Internet Chess Club"]
[Date "2021.04.24"]
[Round "4"]
[White "SAI BOLLU, RIKHIL:K12-15376418"]
[Black "Z HUANG, KYLAN:K12-15496871"]
[Result "0-1"]
[ICCResult "White checkmated"]
[WhiteElo "922"]
[BlackElo "1868"]
[Opening "Konstantinopolsky opening"]
[ECO "C44"]
[NIC "KP.10"]
[Time "17:10:35"]
[PlyCount "76"]
[TimeControl "1500+5"]

1. e4 e5 2. Nf3 Nc6 3. g3 Nf6 4. Nc3 Bc5 5. Bg2 O-O 6. O-O d6 7. d3 h6 8.
Nd5 Bg4 9. Be3 Bxe3 10. Nxe3 Bh5 11. Nf5 Nh7 12. Qd2 Bxf3 13. Bxf3 Ng5 14.
Bh5 Ne7 15. Qe2 Nxf5 16. exf5 Qf6 17. Qg4 g6 18. fxg6 fxg6 19. h4 gxh5 20.
hxg5 hxg4 21. gxf6 Rxf6 22. Kg2 Kg7 23. Rh1 Raf8 24. Raf1 Kg6 25. Rh4 h5
26. a3 d5 27. b4 e4 28. dxe4 dxe4 29. Rhh1 Rd8 30. c4 Rd2 31. a4 e3 32. Kg1
exf2+ 33. Kg2 Rf3 34. b5 Rdd3 35. c5 Rxg3+ 36. Kxf2 Rgf3+ 37. Kg2 Rd2+ 38.
Kg1 Rg3# { White checkmated } 0-1

[Event "ICC tourney 2532 (25 5)"]
[Site "Internet Chess Club"]
[Date "2021.04.24"]
[Round "4"]
[White "K SANFORD, HARRISON:K12-14321340"]
[Black "GINZBURG, LIORA:K12-16587703"]
[Result "0-1"]
[ICCResult "White resigns"]
[WhiteElo "2005"]
[BlackElo "1523"]
[Opening "Scotch: Potter variation"]
[ECO "C45"]
[NIC "SO.05"]
[Time "17:06:27"]
[PlyCount "76"]
[TimeControl "1500+5"]

1. e4 e5 2. Nf3 Nc6 3. d4 exd4 4. Nxd4 Bc5 5. Nb3 Bb6 6. Nc3 Nf6 7. Bg5 h6
8. Bh4 g5 9. Bg3 d6 10. Bb5 Bd7 11. Qe2 Qe7 12. a4 h5 13. h4 g4 14. O-O-O
O-O-O 15. Rhe1 a6 16. Bd3 Nb4 17. e5 Nxd3+ 18. Rxd3 dxe5 19. Qxe5 Qxe5 20.
Rxe5 Rhe8 21. Nd5 Nxd5 22. Rexd5 Bxa4 23. Rxd8+ Rxd8 24. Nd2 Rxd3 25. cxd3
Kd7 26. Ne4 Ke7 27. Bf4 Bc6 28. f3 Bxe4 29. fxe4 Ke6 30. Kc2 c6 31. Kc3 f5
32. g3 Bd8 33. e5 Kd5 34. b3 Bb6 35. Kb4 Bd4 36. Ka5 c5 37. Kb6 c4+ 38.
Kxb7 cxb3 { White resigns } 0-1

[Event "ICC tourney 2532 (25 5)"]
[Site "Internet Chess Club"]
[Date "2021.04.24"]
[Round "4"]
[White "LEVKOV, DANIEL:K12-14218690"]
[Black "NATHAN, KAPIL:K12-15120535"]
[Result "1/2-1/2"]
[ICCResult "Game drawn by mutual agreement"]
[WhiteElo "2159"]
[BlackElo "1394"]
[Opening "French: Réti (Spielmann) variation"]
[ECO "C00"]
[NIC "FR.01"]
[Time "17:07:06"]
[PlyCount "50"]
[TimeControl "1500+5"]

1. e4 e6 2. b3 d5 3. Bb2 dxe4 4. Nc3 Nf6 5. Qe2 Bb4 6. O-O-O Qe7 7. Nxe4
Nbd7 8. g4 Nxe4 9. Qxe4 Ba3 10. Nf3 Bxb2+ 11. Kxb2 O-O 12. g5 a5 13. a4 Nc5
14. Qe3 b6 15. d4 Nd7 16. Bc4 Bb7 17. Rhe1 Bxf3 18. Qxf3 Qxg5 19. Qc6 Qd8
20. d5 Qf6+ 21. Kb1 Ne5 22. Qxc7 Nxc4 23. Qxc4 exd5 24. Qxd5 Rad8 25. Qg2
h6 { Game drawn by mutual agreement } 1/2-1/2

[Event "ICC tourney 2532 (25 5)"]
[Site "Internet Chess Club"]
[Date "2021.04.24"]
[Round "4"]
[White "ANGELA ZHENG, CARISSA:K12-15612136"]
[Black "ZHOU, LEONARDO:K12-30049875"]
[Result "0-1"]
[ICCResult "White resigns"]
[WhiteElo "1974"]
[BlackElo "847"]
[Opening "French: King's Indian attack"]
[ECO "C00"]
[NIC "FR.02"]
[Time "17:06:41"]
[PlyCount "50"]
[TimeControl "1500+5"]

1. e4 e6 2. d3 d5 3. Nd2 c5 4. Ngf3 Nc6 5. g3 Nf6 6. Bg2 Be7 7. O-O O-O 8.
e5 Nd7 9. Re1 Qc7 10. Qe2 f6 11. exf6 Nxf6 12. Nf1 Bd6 13. Bg5 e5 14. N3d2
Bg4 15. Bxd5+ Kh8 16. Bf3 Nd4 17. Qd1 Nxf3+ 18. Nxf3 Nd5 19. N1d2 Qf7 20.
Kg2 Qf5 21. c4 Nb4 22. Re3 Nxd3 23. Ne4 Nxb2 24. Qe2 Nxc4 25. Qxc4 Bxf3+ {
White resigns } 0-1

[Event "ICC tourney 2532 (25 5)"]
[Site "Internet Chess Club"]
[Date "2021.04.24"]
[Round "4"]
[White "BRAZAUSKAS, KIPRAS:K12-15989894"]
[Black "J ZHANG, ERIC:K12-16995898"]
[Result "0-1"]
[ICCResult "White resigns"]
[WhiteElo "1390"]
[BlackElo "1809"]
[Opening "Sicilian: accelerated fianchetto, exchange variation"]
[ECO "B34"]
[NIC "SI.33"]
[Time "17:07:26"]
[PlyCount "64"]
[TimeControl "1500+5"]

1. e4 c5 2. Nf3 g6 3. d4 cxd4 4. Nxd4 Nc6 5. Nxc6 bxc6 6. Nc3 Bg7 7. Bc4
Rb8 8. Bb3 d6 9. Qf3 Nf6 10. Be3 O-O 11. Bxa7 Rb7 12. Be3 Ng4 13. Bd2 Ne5
14. Qe2 d5 15. exd5 cxd5 16. Nxd5 Rd7 17. Nc3 Ba6 18. Qe3 Ng4 19. Qf4 Bh6
20. Qxg4 Bxd2+ 21. Kd1 Bxc3+ 22. Kc1 Bg7 23. a3 Rd4 24. Qf3 Qd6 25. Kb1 Rf4
26. Qg3 Qf6 27. Ra2 Rxf2 28. c3 Rf1+ 29. Rxf1 Qxf1+ 30. Kc2 Qe2+ 31. Kb1
Bd3+ 32. Ka1 Qf1+ { White resigns } 0-1

[Event "ICC tourney 2532 (25 5)"]
[Site "Internet Chess Club"]
[Date "2021.04.24"]
[Round "4"]
[White "DOMMALAPATI, AASA:K12-13778456"]
[Black "ESPINOSA, PEDRO:K12-14987738"]
[Result "0-1"]
[ICCResult "White resigns"]
[WhiteElo "1997"]
[BlackElo "2200"]
[Opening "French: Winawer (Nimzovich) variation"]
[ECO "C15"]
[NIC "FR.08"]
[Time "17:06:46"]
[PlyCount "76"]
[TimeControl "1500+5"]

1. e4 e6 2. d4 d5 3. Nc3 Bb4 4. exd5 exd5 5. Qf3 Nf6 6. Bd3 O-O 7. Ne2 Bg4
8. Qg3 Bxe2 9. Bxe2 Ne4 10. Qd3 c5 11. O-O c4 12. Qh3 Bxc3 13. bxc3 Qa5 14.
Kh1 Qxc3 15. Qxc3 Nxc3 16. Bf3 Nc6 17. Bd2 Ne4 18. Bxe4 dxe4 19. c3 f5 20.
Rab1 b6 21. Rb4 Nxb4 22. cxb4 a5 23. a3 axb4 24. Bxb4 Rfd8 25. Rd1 Rac8 26.
d5 c3 27. d6 c2 28. Rc1 Rc4 29. g3 Kf7 30. Kg2 Ke6 31. Kf1 g5 32. Ke2 f4
33. Kd2 Rdc8 34. Ke2 Rd4 35. gxf4 gxf4 36. h4 Rd3 37. h5 f3+ 38. Ke1 Rg8 {
White resigns } 0-1

[Event "ICC tourney 2532 (25 5)"]
[Site "Internet Chess Club"]
[Date "2021.04.24"]
[Round "4"]
[White "MUTHUPANDIYAN, SHIV:K12-15901317"]
[Black "RAFAEL SANTOS, ENERIO:K12-16804573"]
[Result "1-0"]
[ICCResult "Black resigns"]
[WhiteElo "1266"]
[BlackElo "443"]
[Opening "King's gambit"]
[ECO "C30"]
[NIC "KG.05"]
[Time "17:06:14"]
[PlyCount "135"]
[TimeControl "1500+5"]

1. e4 e5 2. f4 Nc6 3. Nf3 d6 4. Bc4 Nf6 5. d3 d5 6. exd5 Nxd5 7. fxe5 Bg4
8. h3 Bxf3 9. Qxf3 Nxe5 10. Qxd5 Qxd5 11. Bxd5 Bc5 12. Nc3 O-O 13. Bf4 Rae8
14. O-O-O Nc6 15. Bxc6 bxc6 16. Bxc7 Re6 17. Rhe1 Rfe8 18. Rxe6 fxe6 19.
Ne4 Be3+ 20. Kb1 Re7 21. Bd6 Rd7 22. Bc5 Bh6 23. Re1 Rf7 24. a3 Bf4 25. Be3
Be5 26. Ng5 Rb7 27. d4 Bg3 28. Rd1 Re7 29. Ne4 Bc7 30. Re1 e5 31. dxe5 Rxe5
32. Nc3 Bb6 33. Bd2 Rf5 34. Re6 Rf2 35. Ne4 Rxg2 36. Nd6 Rf2 37. Be3 Bxe3
38. Rxe3 h6 39. Re8+ Rf8 40. Rxf8+ Kxf8 41. Nc8 g5 42. Nxa7 Kf7 43. Nxc6
Kf6 44. Nd4 Ke5 45. Nf3+ Kf4 46. Ng1 Kg3 47. a4 Kg2 48. a5 Kxg1 49. a6 Kh2
50. a7 Kxh3 51. a8=Q g4 52. Qh1+ Kg3 53. Qxh6 Kf3 54. Qh5 Kf4 55. Qxg4+
Kxg4 56. b4 Kf5 57. Kb2 Ke6 58. Kc3 Kd6 59. Kc4 Kc6 60. b5+ Kb6 61. Kb4 Kb7
62. Kc5 Kc7 63. b6+ Kb7 64. Kb5 Kb8 65. Kc6 Kc8 66. b7+ Kb8 67. c3 Ka7 68.
Kc7 { Black resigns } 1-0

[Event "ICC tourney 2532 (25 5)"]
[Site "Internet Chess Club"]
[Date "2021.04.24"]
[Round "4"]
[White "D BLOCK, JONAH:K12-15976216"]
[Black "AWASTHI, ATHARVA:K12-15383400"]
[Result "0-1"]
[ICCResult "White checkmated"]
[WhiteElo "436"]
[BlackElo "1080"]
[Opening "Three knights game"]
[ECO "C46"]
[NIC "KP.06"]
[Time "17:06:46"]
[PlyCount "136"]
[TimeControl "1500+5"]

1. e4 e5 2. Nf3 Nc6 3. Nc3 Bc5 4. Nxe5 Nxe5 5. d4 Bb6 6. dxe5 Qe7 7. Nd5
Qxe5 8. Bf4 Qxe4+ 9. Be2 Qxg2 10. Rf1 d6 11. Bf3 Qg6 12. Be3 Nf6 13. Bxb6
Nxd5 14. Bxd5 axb6 15. Qe2+ Be6 16. Bxb7 Ra5 17. O-O-O Rxa2 18. Bc6+ Kf8
19. Rg1 Ra1+ 20. Kd2 Rxd1+ 21. Rxd1 Qg5+ 22. Ke1 Qg1+ 23. Kd2 Qxh2 24. Kc1
Qh6+ 25. Kb1 g6 26. Re1 Kg7 27. Qf3 Qd2 28. Rd1 Qa5 29. Bd5 Bxd5 30. Rxd5
Qe1+ 31. Rd1 Qe7 32. Qc3+ Kg8 33. Re1 Qd8 34. Qc6 Kf8 35. Qc3 Rg8 36. Qf3
f5 37. c3 Rg7 38. Kc2 Re7 39. Ra1 Re8 40. Qh1 Kg7 41. Qh2 Qe7 42. Rh1 Qe2+
43. Kb1 h5 44. Qg2 Qe4+ 45. Qxe4 Rxe4 46. f3 Rf4 47. Rf1 g5 48. Rg1 g4 49.
fxg4 fxg4 50. Rh1 Kg6 51. Re1 Kf6 52. Re8 g3 53. Rg8 Rg4 54. Rf8+ Ke7 55.
Rh8 h4 56. Rh7+ Kd8 57. Rh8+ Kd7 58. Rh7+ Kc6 59. b4 g2 60. b5+ Kxb5 61.
Rh5+ Kc6 62. Kb2 g1=Q 63. Rh7 Qf2+ 64. Kb3 Qc5 65. Rh8 Qc4+ 66. Kc2 Rg2+
67. Kd1 Qe2+ 68. Kc1 Qc2# { White checkmated } 0-1

[Event "ICC tourney 2532 (25 5)"]
[Site "Internet Chess Club"]
[Date "2021.04.24"]
[Round "4"]
[White "LIU, LEONARDO:K12-14879663"]
[Black "SHKLOVER, DIANA:K12-14672010"]
[Result "1-0"]
[ICCResult "Black checkmated"]
[WhiteElo "2042"]
[BlackElo "1527"]
[Opening "French: King's Indian attack"]
[ECO "C00"]
[NIC "FR.02"]
[Time "17:06:27"]
[PlyCount "83"]
[TimeControl "1500+5"]

1. e4 e6 2. d3 d5 3. Nd2 d4 4. g3 c5 5. Bg2 Nc6 6. Ne2 e5 7. O-O Nf6 8. f4
Bg4 9. f5 Be7 10. h3 Bxe2 11. Qxe2 b5 12. g4 h6 13. Nf3 Nh7 14. Bd2 Ng5 15.
c3 Nxf3+ 16. Rxf3 Bg5 17. Bxg5 Qxg5 18. Qf2 h5 19. gxh5 Rxh5 20. Rg3 Qf6
21. a4 b4 22. cxb4 Nxb4 23. Rc1 Rc8 24. a5 a6 25. Qd2 Qh6 26. Qd1 Rg5 27.
Rf3 Ke7 28. Rc4 Qh4 29. Qc1 Rg3 30. Rxg3 Qxg3 31. Rxb4 cxb4 32. Qxc8 Qe3+
33. Kh2 Qf4+ 34. Kh1 Qd2 35. Qc7+ Ke8 36. Qxe5+ Kf8 37. Qxd4 Qc1+ 38. Kh2
Qf4+ 39. Kg1 Qc1+ 40. Bf1 Qg5+ 41. Kh1 Qf4 42. Qd8# { Black checkmated }
1-0

[Event "ICC tourney 2532 (25 5)"]
[Site "Internet Chess Club"]
[Date "2021.04.24"]
[Round "4"]
[White "IYER, AKSHAT:K12-15718767"]
[Black "HUANG, ANDY:K12-14633373"]
[Result "0-1"]
[ICCResult "White checkmated"]
[WhiteElo "1621"]
[BlackElo "2334"]
[Opening "Scandinavian (center counter) defense"]
[ECO "B01"]
[NIC "SD.02"]
[Time "17:07:26"]
[PlyCount "76"]
[TimeControl "1500+5"]

1. e4 d5 2. exd5 Qxd5 3. Nc3 Qd8 4. Nf3 c6 5. Bc4 Bf5 6. d4 e6 7. O-O Nf6
8. Bg5 h6 9. Bxf6 Qxf6 10. Ne5 Bb4 11. Ne2 O-O 12. c3 Bd6 13. f4 c5 14. Ng3
cxd4 15. cxd4 Rd8 16. Qf3 Nc6 17. Nh5 Qh4 18. Rfe1 Nxd4 19. Qc3 Bxe5 20.
Rxe5 Qxh5 21. h3 Qh4 22. Kh1 Qxf4 23. Re3 Nc2 24. Rf3 Qd4 25. Qxd4 Rxd4 26.
Raf1 Rxc4 27. Kh2 Rd8 28. R3f2 Ne3 29. Re1 Rc2 30. Rxc2 Nxc2 31. Rf1 Rd2
32. h4 Be4 33. Rg1 Nd4 34. Kh3 Rxb2 35. Rd1 e5 36. g4 Ne2 37. Re1 Nf4+ 38.
Kg3 Rg2# { White checkmated } 0-1